 Dungeon Crawl Stone Soup version 0.31.0-11-ge490571c62 (webtiles) character file.

Game seed: 15156535313320657877

30 zenocrate the Covert (level 3, 0/35 HPs)
             Began as a Gnoll Delver on Feb 1, 2024.
             Slain by a howler monkey (7 damage)
             ... on level 5 of the Dungeon.
             The game lasted 00:00:16 (82 turns).

zenocrate the Covert (Gnoll Delver)                   Turns: 82, Time: 00:00:17

Health: 0/35       AC:  3    Str: 13    XL:     3   Next: 18%
Magic:  4/4        EV: 13    Int:  9    God:
Gold:   0          SH:  0    Dex: 13    Spells: 3/3 levels left

rFire   . . .        a - +0 mace
rCold   . . .        (no shield)
rNeg    . . .        b - +0 leather armour
rPois   .            (no helmet)
rElec   .            (no cloak)
rCorr   .            (no gloves)
SInv    .            (no boots)
Will    .....        (no amulet)
Stlth   ++++         (no ring)
HPRegen 0.25/turn    (no ring)
MPRegen 0.09/turn

%: no passive effects
@: no status effects
A: fangs 1, strong nose, distributed training
a: no special abilities


You were on level 5 of the Dungeon.
You visited 1 branch of the dungeon, and saw 2 of its levels.

Inventory:

Hand Weapons
 a - a +0 mace (weapon)
Armour
 b - a +0 leather armour (worn)
Wands
 g - a wand of digging (3)
Scrolls
 c - a scroll of fog
 d - a scroll of revelation
 e - a scroll of fear
Potions
 f - a potion of haste


   Skills:
 + Level 6.5 Fighting
 + Level 0.7 Short Blades
 + Level 0.7 Long Blades
 + Level 0.7 Axes
 + Level 4.5 Maces & Flails
 + Level 0.7 Polearms
 + Level 0.7 Staves
 + Level 0.7 Ranged Weapons
 + Level 0.7 Throwing
 + Level 0.7 Armour
 + Level 4.5 Dodging
 + Level 9.5 Stealth
 + Level 0.7 Shields
 + Level 0.7 Unarmed Combat
 + Level 0.7 Spellcasting
 + Level 0.5 Conjurations
 + Level 0.5 Hexes
 + Level 0.5 Summonings
 + Level 0.5 Necromancy
 + Level 0.5 Translocations
 + Level 0.5 Fire Magic
 + Level 0.5 Ice Magic
 + Level 0.5 Air Magic
 + Level 0.5 Earth Magic
 + Level 0.5 Alchemy
 + Level 0.9 Invocations
 + Level 0.7 Evocations
 + Level 0.6 Shapeshifting


You had 3 spell levels left.
You didn't know any spells.
Your spell library was empty.

Dungeon Overview and Level Annotations

Branches:
Dungeon (6/15)
 Temple: D:4-7

Altars:
Elyvilon
Makhleb
Okawaru
Xom


Innate Abilities, Weirdness & Mutations

You have very sharp teeth.
Your uncanny sense of smell can sniff out nearby items.
Your experience applies equally to all skills.


Message History

The howler monkey hits you.
You hit the howler monkey but do no damage.
You bite the howler monkey, but do no damage.
The howler monkey is moderately wounded.
The howler monkey barely misses you.
You barely miss the howler monkey.
The howler monkey is moderately wounded.
The howler monkey closely misses you. The howler monkey hits you.
You hit the howler monkey but do no damage.
The howler monkey is moderately wounded.
The howler monkey hits you.
You closely miss the howler monkey.
The howler monkey is moderately wounded.
The howler monkey closely misses you. x2
You hit the howler monkey.
The howler monkey is heavily wounded.
The howler monkey hits you.
* * * LOW HITPOINT WARNING * * *
You are too injured to fight recklessly!
You closely miss the howler monkey.
The howler monkey is heavily wounded.
The howler monkey barely misses you.
The howler monkey completely misses you.
Unknown command.
You hit the howler monkey.
The howler monkey is severely wounded.
The howler monkey hits you.
* * * LOW HITPOINT WARNING * * *
Unknown command.
Unknown command.
You barely miss the howler monkey. Your bite misses the howler monkey.
The howler monkey is severely wounded.
The howler monkey hits you but does no damage.
Unknown command.
You hit the howler monkey.
You bite the howler monkey, but do no damage.
The howler monkey is severely wounded.
The howler monkey hits you but does no damage.
The howler monkey hits you!
You die...

### #..
##.##
#####
###@###
#8h..8#
##.....##
#_....._#
##.....##
#8...8#
##.....##
#_....._#
##.....##


You could see a howler monkey.

Vanquished Creatures
  A hound (D:5)
1 creature vanquished.

Notes
Turn   | Place    | Note
-------+----------+-------------------------------------------
     0 | D:5      | Reached skill level 9 in Stealth
     0 | D:5      | zenocrate the Gnoll Delver began the quest for the Orb.
     0 | D:5      | Reached XP level 1. HP: 23/23 MP: 1/1
    16 | D:6      | Noticed a hound
    16 | D:6      | Noticed a howler monkey
    18 | D:6      | Noticed an iguana
    25 | D:5      | Killed a hound
    26 | D:5      | Reached XP level 2. HP: 20/29 MP: 1/3
    26 | D:5      | Reached XP level 3. HP: 24/35 MP: 1/4
    69 | D:6      | Noticed a bullfrog
    82 | D:5      | Slain by a howler monkey

Illustrated notes

Levels and vault maps discovered:
D:5:      layout_loops_corners, nicolae_overflow_hidden_temple,
          grunt_gozag_statues, grunt_decor_arrowhead
D:6:      layout_basic, mainiacjoe_overflow_alcove_1, temple_statues

Skill      XL: | |
---------------+-+-----
Stealth        | |  9.5
Fighting       | |  6.5
Short Blades   | |  0.7
Long Blades    | |  0.7
Axes           | |  0.7
Maces & Flails | |  4.5
Polearms       | |  0.7
Staves         | |  0.7
Ranged Weapons | |  0.7
Throwing       | |  0.7
Armour         | |  0.7
Dodging        | |  4.5
Shields        | |  0.7
Unarmed Combat | |  0.7
Spellcasting   | |  0.7
Conjurations   | |  0.5
Hexes          | |  0.5
Summonings     | |  0.5
Necromancy     | |  0.5
Translocations | |  0.5
Fire Magic     | |  0.5
Ice Magic      | |  0.5
Air Magic      | |  0.5
Earth Magic    | |  0.5
Alchemy        | |  0.5
Invocations    | |  0.9
Evocations     | |  0.7
Shapeshifting  | |  0.6

Action                     || total
---------------------------++-------
  Melee: Mace              ||    16
         Bite              ||     2
 Armour: Leather armour    ||    17
  Dodge: Dodged            ||    11
